 Dungeon Crawl Stone Soup version 0.29.1-15-g9cfb28693d (webtiles) character file.

Game seed: 9977822303740789208

1509 BuddhaDhamma the Cleaver (level 8, -7/96 HPs)
             Began as a Minotaur Berserker on Mar 23, 2023.
             Was a Priest of Trog.
             Mangled by a 12-headed hydra (11 damage)
             ... on level 6 of the Dungeon.
             The game lasted 00:10:09 (6686 turns).

BuddhaDhamma the Cleaver (Minotaur Berserker)       Turns: 6686, Time: 00:10:10

Health: -7/96      AC: 13    Str: 24    XL:     8   Next: 53%
Magic:  7/7        EV:  6    Int:  4    God:    Trog [***...]
Gold:   293        SH:  6    Dex: 10    Spells: 7/7 levels left

rFire   . . .      SeeInvis .   q - +1 hand axe (vorpal)
rCold   . . .      Faith    .   p - +0 kite shield
rNeg    . . .      Spirit   .   m - +0 chain mail
rPois   .          Reflect  .   (helmet restricted)
rElec   .          Harm     .   d - +0 cloak
rCorr   .          Rampage  .   (no gloves)
Will    +....                   (no boots)
Stlth   ..........              (no amulet)
HPRegen 0.26/turn               b - ring of willpower
MPRegen 0.10/turn               o - +4 ring of protection

@: berserking, very quick
A: horns 2, retaliatory headbutt
a: Renounce Religion, Berserk, Trog's Hand


You were on level 6 of the Dungeon.
You worshipped Trog.
Trog was most pleased with you.
You visited 1 branch of the dungeon, and saw 7 of its levels.

You collected 293 gold pieces.

Inventory:

Hand Weapons
 q - a +1 vorpal hand axe (weapon)
Armour
 d - a +0 cloak (worn)
 m - a +0 chain mail (worn)
 p - a +0 kite shield (worn)
Jewellery
 b - a ring of willpower (left hand)
 o - a +4 ring of protection (right hand)
Wands
 t - a wand of flame (4)
Scrolls
 a - a scroll of blinking
 g - 3 scrolls of teleportation
 j - a scroll of noise
Potions
 c - 5 potions of curing
 f - a potion of degeneration
 i - 2 potions of mutation {unknown}
 k - 3 potions of cancellation
 l - 4 potions of heal wounds
 s - 2 potions of magic
 v - a potion of lignification {unknown}
 x - a potion of attraction {unknown}


   Skills:
 - Level 3.6 Fighting
 + Level 13.1 Axes
 - Level 2.4 Armour
 - Level 2.1 Dodging


You had 7 spell levels left.
You didn't know any spells.
Your spell library was empty.

Dungeon Overview and Level Annotations

Branches:
Dungeon (7/15)
 Temple: D:4-7

Altars:
Dithmenos
Kikubaaqudgha
Sif Muna
Xom
Yredelemnul

Shops:
D:2 (   D:5 =

Annotations:
D:6 4 runed translucent doors


Innate Abilities, Weirdness & Mutations

You have a pair of horns on your head.
You reflexively headbutt those who attack you in melee.


Message History

You are too injured to fight recklessly!
You are too injured to fight recklessly!
You hack one of the eight-headed hydra's heads off!
The seven-headed hydra grows two more!
You slash the nine-headed hydra!
The nine-headed hydra is lightly wounded.
You barely miss the nine-headed hydra. You headbutt the nine-headed hydra.
The nine-headed hydra is moderately wounded.
The nine-headed hydra bites you. x2; The nine-headed hydra bites you!
The nine-headed hydra barely misses you.
The nine-headed hydra bites you but does no damage. x2
The nine-headed hydra bites you. x2
You block the nine-headed hydra's attack.
You hack one of the nine-headed hydra's heads off!
The eight-headed hydra grows two more!
You hit the ten-headed hydra.
The ten-headed hydra is lightly wounded.
You slice one of the ten-headed hydra's heads off!
The nine-headed hydra grows two more!
You slash the 11-headed hydra!
The 11-headed hydra is lightly wounded.
The 11-headed hydra bites you! You block the 11-headed hydra's attack.
The 11-headed hydra bites you but does no damage.
The 11-headed hydra bites you.
The 11-headed hydra bites you but does no damage. x2
The 11-headed hydra bites you.
* * * LOW HITPOINT WARNING * * *
The 11-headed hydra bites you but does no damage.
You block the 11-headed hydra's attack. The 11-headed hydra bites you!
* * * LOW HITPOINT WARNING * * *
The 11-headed hydra bites you but does no damage.
You slice one of the 11-headed hydra's heads off!
The ten-headed hydra grows two more!
You slash the 12-headed hydra! You headbutt the 12-headed hydra!
The 12-headed hydra is moderately wounded.
The 12-headed hydra bites you!
* * * LOW HITPOINT WARNING * * *
You block the 12-headed hydra's attack.
The 12-headed hydra bites you but does no damage.
The 12-headed hydra completely misses you.
The 12-headed hydra bites you but does no damage.
The 12-headed hydra bites you!
You die...

##################
##................##
#..######..######..#
##.## #### ##.# #(.#.
#.# #..#. #.# #..#.###
#.# #..#D#.## #.#
#..##@#.# ##.##
#...###'# #+###...#
#.......######........
##.###.##8)[8##.######
#.....#8....8#.## #
####..+......+..# #
#..+......+..#####
#..#8....8#.#.....
#..##8=V8##..#####


You could see a 12-headed hydra.

Vanquished Creatures
  Prince Ribbit (D:5)
  2 sky beasts (D:6)
  A phantom (D:5)
  A bullfrog (D:6)
  A scorpion (D:5)
  A necrophage (D:6)
  4 wights (D:6)
  3 electric eels (D:4)
  4 hounds
  An orc priest (D:5)
  Ijyb (D:4)
  6 iguanas
  3 orc wizards
  2 adders
  An ufetubus (D:4)
  A worm (D:2)
  4 dart slugs
  17 orcs
  6 ball pythons
  9 endoplasms
  4 giant cockroaches
  6 goblins
  4 hobgoblins
  11 jackals
  6 kobolds
  4 quokkas
  5 bats
  7 frilled lizards
  7 rats
123 creatures vanquished.

Vanquished Creatures (others)
  A plant (D:4)
1 creature vanquished.

Grand Total: 124 creatures vanquished

Notes
Turn   | Place    | Note
-------+----------+-------------------------------------------
     0 | D:1      | BuddhaDhamma the Minotaur Berserker began the quest for the
                  | Orb.
     0 | D:1      | Reached XP level 1. HP: 19/19 MP: 0/0
   164 | D:1      | Reached skill level 4 in Axes
   386 | D:1      | Found a faded altar of an unknown god.
   389 | D:1      | Reached XP level 2. HP: 26/26 MP: 1/1
   877 | D:1      | Reached skill level 5 in Axes
  1094 | D:2      | Reached XP level 3. HP: 10/31 MP: 2/2
  1509 | D:2      | Reached ** piety under Trog
  1861 | D:2      | Found a shimmering altar of Xom.
  2087 | D:2      | Found Hiexeg's Antique Weapon Emporium.
  2255 | D:3      | Reached skill level 6 in Axes
  2255 | D:3      | Reached XP level 4. HP: 39/39 MP: 3/3
  2670 | D:3      | Found a shimmering blue altar of Sif Muna.
  3187 | D:3      | Found an ancient bone altar of Kikubaaqudgha.
  3187 | D:3      | Found a shadowy altar of Dithmenos.
  3188 | D:3      | Found a basalt altar of Yredelemnul.
  3391 | D:4      | Noticed Ijyb
  3418 | D:4      | Killed Ijyb
  3419 | D:4      | Reached skill level 7 in Axes
  3419 | D:4      | Reached XP level 5. HP: 40/45 MP: 4/4
  3521 | D:4      | You fall into a shaft and drop 3 floors!
  3572 | D:5      | Entered Level 5 of the Dungeon
  3572 | D:5      | Found Byonluot's Jewellery Emporium.
  3602 | D:4      | Found a transporter.
  3655 | D:4      | Reached *** piety under Trog
  3670 | D:4      | Found a transporter.
  4423 | D:4      | Reached skill level 8 in Axes
  4427 | D:4      | Reached XP level 6. HP: 22/51 MP: 5/5
  4837 | D:5      | Reached skill level 9 in Axes
  5011 | D:5      | Reached XP level 7. HP: 41/57 MP: 6/6
  5227 | D:5      | Reached skill level 10 in Axes
  5272 | D:5      | Noticed Prince Ribbit
  5285 | D:5      | Killed Prince Ribbit
  5286 | D:5      | Reached skill level 11 in Axes
  5931 | D:6      | Reached XP level 8. HP: 64/64 MP: 7/7
  6122 | D:6      | Reached skill level 12 in Axes
  6570 | D:6      | Found a large runed translucent door.
  6571 | D:6      | Found a large runed translucent door.
  6574 | D:6      | Found a large runed translucent door.
  6574 | D:6      | Found a large runed translucent door.
  6674 | D:6      | Noticed a seven-headed hydra
  6680 | D:6      | Reached skill level 13 in Axes
  6686 | D:6      | HP: 4/96 [12-headed hydra (12)]
  6686 | D:6      | Mangled by a 12-headed hydra

Illustrated notes

Levels and vault maps discovered:
D:1:      psy_arrival_radial01, layout_basic, chequers_ecumenical_altar_simple,
          palyth_stone_intersect, serial_bayou_pond_e,
          hangedman_abyss_or_decor_stabs, moated_statue
D:2:      layout_basic, basic_altar, serial_shops, nicolae_shop_behind_doors,
          dk_noncrumbling_2
D:3:      layout_basic, chequers_temple_overflow_statue_of_worship,
          serial_aquarium, aquarium_bridge_straight [aquarium_subvault_bridge,
          aquarium_subvault_window, aquarium_subvault_bridge,
          aquarium_subvault_wall], aquarium_window_corner,
          aquarium_window_double, aquarium_window_fake, aquarium_view_2f,
          aquarium_balcony_5b, aquarium_pool_1
D:4:      gammafunk_steamed_eel, layout_basic, uniq_ijyb
D:5:      layout_basic, serial_shops, nicolae_diamond_shop, uniq_prince_ribbit1
D:6:      layout_loops_ring, minmay_temple_entry_fiery,
          minmay_hollow_rounded_squares
D:7:      layout_rooms

Skill      XL: |  1  2  3  4  5  6  7  8 |
---------------+-------------------------+-----
Axes           | 4 5 6 7 8 9 11 13 | 13.1
Fighting       | |  3.6
Armour         | |  2.4
Dodging        | |  2.1

Action                   |  1- 3 |  4- 6 |  7- 9 || total
-------------------------+-------+-------+-------++-------
Melee: Hand axe          |    94 |   156 |    87 ||   337
       Headbutt          |    12 |    24 |    13 ||    49
       Punch             |       |     1 |       ||     1
Invok: Berserk           |       |       |     3 ||     3
Evoke: Wand              |       |     7 |       ||     7
  Use: Scroll            |       |       |    13 ||    13
Armor: Ring mail         |    37 |       |       ||    37
       Chain mail        |     7 |    89 |    35 ||   131
Dodge: Dodged            |    66 |    44 |    21 ||   131
Block: Kite shield       |       |    26 |    27 ||    53
